 Dungeon Crawl Stone Soup version 0.31-a0-263-ge8cad7f256 (webtiles) character file.

Game seed: 7402862248092887376

35 qw the Shooter (level 3, -2/29 HPs)
             Began as a Minotaur Hexslinger on July 13, 2023.
             Slain by a worm (7 damage)
             ... on level 2 of the Dungeon.
             The game lasted 00:00:22 (1166 turns).

qw the Shooter (Minotaur Hexslinger)                Turns: 1166, Time: 00:00:23

Health: -2/29      AC:  5    Str: 12    XL:     3   Next: 17%
Magic:  3/3        EV: 12    Int: 10    God:
Gold:   25         SH:  0    Dex: 14    Spells: 3/4 levels left

rFire   . . .        Y - +2 sling
rCold   . . .        (no shield)
rNeg    . . .        d - +2 leather armour {Will+}
rPois   .            (helmet restricted)
rElec   .            (no cloak)
rCorr   .            (no gloves)
SInv    .            (no boots)
Will    +....        (no amulet)
Stlth   +            (no ring)
HPRegen 0.24/turn    (no ring)
MPRegen 0.08/turn

%: no passive effects
@: no status effects
A: horns 2, retaliatory headbutt
a: no special abilities


You were on level 2 of the Dungeon.
You visited 1 branch of the dungeon, and saw 2 of its levels.

You collected 77 gold pieces.
You spent 52 gold pieces at shops.


Innate Abilities, Weirdness & Mutations

You have a pair of horns on your head.
You reflexively headbutt those who attack you in melee.


   Skills:
 - Level 2.1 Fighting
 + Level 3.6 Ranged Weapons
 - Level 2.1 Dodging
 - Level 1.0 Spellcasting
 - Level 2.0 Hexes


You had 3 spell levels left.
You knew the following spells:

 Your Spells              Type           Power      Damage    Failure   Level
a - Slow                  Hex            16%        N/A       19%         1

Your spell library contained the following spells:

 Spells                   Type           Power      Damage    Failure   Level
 Inner Flame              Hex/Fire       2%         N/A       65%         3
 Portal Projectile        Hex/Tloc       4%         N/A       65%         3
 Cause Fear               Hex            2%         N/A       88%         4

Inventory:

Hand Weapons
 Y - a +2 sling (weapon)
Armour
 d - a +2 leather armour of willpower (worn)
Scrolls
 j - 3 scrolls of identify
Potions
 h - a potion of invisibility {unknown}

Dungeon Overview and Level Annotations

Branches:
Dungeon (2/15)

Altars:

Shops:
D:1 :   D:2 ?(

Annotations:
D:1 1 runed translucent door


Message History

Found a stone staircase leading up.
A rat comes into view.
You shoot a sling bullet. The sling bullet hits the rat.
You kill the rat!
There is a stone staircase leading up here.
A worm comes into view.
Enter note:
Enter note: You shoot a sling bullet.
The sling bullet barely misses the worm.
You shoot a sling bullet.
The sling bullet barely misses the worm.
You shoot a sling bullet.
The sling bullet barely misses the worm.
You shoot a sling bullet.
The sling bullet barely misses the worm.
You shoot a sling bullet. The sling bullet hits the worm.
The worm is lightly wounded.
You shoot a sling bullet. The sling bullet hits the worm!
The worm is heavily wounded.
The worm bites you!
You shoot a sling bullet.
The sling bullet hits the worm but does no damage.
The worm is heavily wounded.
The worm closely misses you.
You shoot a sling bullet.
The sling bullet barely misses the worm.
You shoot a sling bullet.
The sling bullet completely misses the worm.
The worm bites you!
You shoot a sling bullet. The sling bullet hits the worm.
The worm is heavily wounded.
The worm bites you.
You shoot a sling bullet.
The sling bullet barely misses the worm.
The worm bites you.
You shoot a sling bullet. The sling bullet hits the worm.
The worm is heavily wounded.
The worm bites you!
You die...

.#.#
#.....#...###.##.......
.#.# #.....#..###..#
.#####. ...#
#######...#.#.# .# .###
####..... .# .####
####.# ## ....# #. .##.#
# %##.## #####.# .....#
#..@..#
###..#########.##w......
###........<...# .#####.
....############ .#
##### .# .# .# .#


You could see a worm.

Vanquished Creatures
  An adder (D:2)
  2 dart slugs (D:1)
  3 ball pythons
  3 endoplasms (D:1)
  2 giant cockroaches
  A kobold (D:1)
  2 quokkas
  2 bats
  A frilled lizard (D:1)
  4 rats
21 creatures vanquished.

Notes
Turn   | Place    | Note
-------+----------+-------------------------------------------
     0 | D:1      | qw the Minotaur Hexslinger began the quest for the Orb.
     0 | D:1      | Reached XP level 1. HP: 16/16 MP: 1/1
     0 | D:1      | 0 ||| qw: Version: 0.3-a-52-g30416fa
     0 | D:1      | 0 ||| qw: Game counter: 7159
     0 | D:1      | 0 ||| qw: Melee chars always use a shield: true
     0 | D:1      | 0 ||| qw: God list: Okawaru
     0 | D:1      | 0 ||| qw: Allow faded altars: false
     0 | D:1      | 0 ||| qw: Do Orc after clearing Dungeon:15 true
     0 | D:1      | 0 ||| qw: Do second Lair branch before Depths: true
     0 | D:1      | 0 ||| qw: Lair rune preference: random
     0 | D:1      | 0 ||| qw: Goals: Normal
     0 | D:1      | 0 ||| PLANNING D:1-11
     1 | D:1      | Found a runed translucent door.
   228 | D:1      | Found Voc Jyf's Vocational Training.
   240 | D:1      | Reached skill level 3 in Ranged Weapons
   246 | D:1      | Reached XP level 2. HP: 23/23 MP: 2/2
  1002 | D:1      | 1002 ||| UPGRADING to +2 leather armour of willpower.
  1012 | D:1      | 1012 ||| DROPPING +0 robe.
  1013 | D:1      | 1013 ||| READING scroll labelled MICOEFA DIYREU.
  1014 | D:1      | 1014 ||| READING scroll labelled CIPTIT RUIR.
  1015 | D:1      | 1015 ||| READING scroll labelled JICEJU KEJOU.
  1016 | D:1      | 1016 ||| READING 3 scrolls labelled DAPTIU MEDD.
  1017 | D:1      | 1017 ||| READING scroll labelled ZYUCIG ZUME.
  1018 | D:1      | 1018 ||| READING 2 scrolls of identify.
  1018 | D:1      | 1018 ||| IDENTIFYING metallic brown potion
  1019 | D:1      | 1019 ||| DROPPING scroll of poison.
  1020 | D:1      | 1020 ||| DROPPING potion of magic.
  1025 | D:2      | Found Riaceat's Antique Weapon Shoppe.
  1037 | D:2      | 1037 ||| SHOPLISTING arbalest (99 gold, have 77).
  1037 | D:2      | 1037 ||| SHOPLISTING runed sling (99 gold, have 77).
  1096 | D:2      | Found Roytava's Magic Scroll Emporium.
  1103 | D:2      | 1103 ||| BUYING scroll of identify (26 gold).
  1103 | D:2      | Bought a scroll of identify for 26 gold pieces
  1103 | D:2      | 1103 ||| BUYING scroll of identify (26 gold).
  1103 | D:2      | Bought a scroll of identify for 26 gold pieces
  1103 | D:2      | 1103 ||| SHOPLISTING scroll of identify (26 gold, have 25).
  1103 | D:2      | 1103 ||| SHOPLISTING scroll of teleportation (39 gold, have
                  | 25).
  1119 | D:2      | Reached XP level 3. HP: 29/29 MP: 3/3
  1165 | D:2      | HP: 5/29 [worm (4)]
  1166 | D:2      | Slain by a worm

Levels and vault maps discovered:
D:1:      dpeg_arrival_caged_fury, layout_basic, nicolae_shop_vocational
D:2:      layout_loops_cross, serial_shops, shop_statue,
          nicolae_shop_overgrown_old_shop, nicolae_shop_tiny_statue_garden,
          nicolae_shop_crystal, shapermc_ecumenical_altar_ellora,
          minmay_pentomino_q2

Skill      XL: |  1  2 |
---------------+-------+-----
Ranged Weapons | 3 |  3.6
Fighting       | 2 |  2.1
Dodging        | |  2.1
Spellcasting   | |  1.0
Hexes          | |  2.0

Action                     || total
---------------------------++-------
   Fire: Sling             ||    86
    Use: Scroll            ||     6
 Armour: Robe              ||     4
         Leather armour    ||    17
  Dodge: Dodged            ||    24

Table legend:
 A = Non-vault XP
 B = Vault XP
 C = Vault XP percentage of total XP
 D = Non-vault monster count
 E = Vault monster count
 F = Vault count percentage of total count
                 A         B        C        D         E       F
            +---------+---------+-------+---------+---------+-------
      Total |      51 |       0 |   0.0 |      21 |       0 |   0.0
            +---------+---------+-------+---------+---------+-------
        D:1 |      28 |       0 |   0.0 |      14 |       0 |   0.0
        D:2 |      23 |       0 |   0.0 |       7 |       0 |   0.0
            +---------+---------+-------+---------+---------+-------
